 Dungeon Crawl Stone Soup version 0.31.0-11-ge490571c62 (webtiles) character file.

Game seed: 9608823242657207086

1745 Aviak the Toxicologist (level 9, -4/72 HPs)
             Began as a Formicid Alchemist on Feb 2, 2024.
             Was a Follower of Zin.
             Succumbed to a water moccasin's poison
             ... on level 6 of the Dungeon.
             The game lasted 00:11:08 (5634 turns).

Aviak the Toxicologist (Formicid Alchemist)         Turns: 5634, Time: 00:11:08

Health: -4/72      AC: -2    Str: 17    XL:     9   Next: 26%
Magic:  15/16      EV: 13    Int: 15    God:    Zin [*.....]
Gold:   246        SH:  0    Dex: 14    Spells: 4/18 levels left

rFire   . . .        c - +1 war axe (elec)
rCold   . . .        (no shield)
rNeg    . . .        a - +0 robe
rPois   .            (helmet unavailable)
rElec   .            (no cloak)
rCorr   .            (no gloves)
SInv    +            (no boots)
Will    .....        (no amulet)
Stlth   ++           (no ring)
HPRegen 0.32/turn    (no ring)
MPRegen 0.15/turn

%: no passive effects
@: lethally poisoned (-4 -> -34), corroded, attractive
A: permanent stasis, dig shafts and tunnels, antennae 3, four strong arms
a: Dig, Shaft Self, Renounce Religion, Recite, Donate Gold


You were on level 6 of the Dungeon.
You worshipped Zin.
Zin was aware of your devotion.
You visited 2 branches of the dungeon, and saw 7 of its levels.

You collected 273 gold pieces.
You donated 27 gold pieces to Zin.

Inventory:

Hand Weapons
 c - a +1 war axe of electrocution (weapon)
 g - a +0 short sword of electrocution
 t - a +1 dagger of venom
 x - a +0 quick blade
Armour
 a - a +0 robe (worn)
 y - a +0 kite shield
Wands
 v - a wand of acid (4)
Scrolls
 d - 3 scrolls of fear {unknown}
 i - a scroll of revelation {unknown}
 j - 5 scrolls of identify {unknown}
 l - 3 scrolls of teleportation {unknown}
 m - a scroll of fog {unknown}
 n - a scroll of summoning {unknown}
 q - a scroll of vulnerability {unknown}
 r - 2 scrolls of poison {unknown}
 u - a scroll of immolation {unknown}
Potions
 b - a potion of magic
 e - a potion of heal wounds {unknown}
 f - 2 potions of haste
 h - a potion of might {unknown}
 k - a potion of enlightenment {unknown}
 o - a potion of berserk rage {unknown}
 p - a potion of attraction
 s - a potion of degeneration {unknown}
 w - a potion of brilliance {unknown}
 z - a potion of mutation {unknown}


   Skills:
 * Level 7.0 Fighting
 + Level 1.0 Axes
 + Level 4.2 Dodging
 - Level 2.4 Stealth
 - Level 5.1 Spellcasting
 - Level 2.0 Conjurations
 + Level 0.0 Fire Magic
 - Level 9.0 Alchemy


You had 4 spell levels left.
You knew the following spells:

 Your Spells              Type           Power      Damage    Failure   Level
a - Sting                 Conj/Alch      80%        1d8       1%          1
b - Mercury Vapours       Alch/Air       34%        N/A       3%          2
c - Mephitic Cloud        Conj/Alch/Air  14%        N/A       11%         3
d - Olgreb's Toxic Radia  Alch           30%        N/A       4%          4
e - Sticky Flame          Fire/Alch      17%        2d5       26%         4

Your spell library contained the following spells:

 Spells                   Type           Power      Damage    Failure   Level
 Static Discharge         Conj/Air       12%        3-4/arc   16%         2
 Fulminant Prism          Conj/Alch      10%        3d8       17%         4
 Volatile Blastmotes      Fire/Tloc      6%         2d10      43%         3
 Iskenderun's Mystic Bla  Conj/Tloc      6%         2d4       71%         4
 Airstrike                Air            1%         2d(1-17)  85%         4
 Summon Lightning Spire   Summ/Air       3%         N/A       85%         4
 Sculpt Simulacrum        Ice/Alch       8%         N/A       98%         6
 Ozocubu's Refrigeration  Ice            1%         4d7       100%        7
 Polar Vortex             Ice            1%         N/A       100%        9


Dungeon Overview and Level Annotations

Branches:
Dungeon (6/15)             Temple (1/1) D:5

Altars:
Ashenzari
Dithmenos
Elyvilon
Fedhas
Gozag
Hepliaklqana
Kikubaaqudgha
Makhleb
Nemelex Xobeh
Okawaru
Qazlal
Ru
Sif Muna
Trog
Uskayaw
Vehumet
Wu Jian
Xom
Yredelemnul
Zin
The Shining One

Shops:
D:2 !   D:5 [


Innate Abilities, Weirdness & Mutations

You cannot be hasted, slowed, berserked, paralysed or teleported.
You can dig through walls and to a lower floor.
You have a pair of large antennae on your head. (SInv)
Your four strong arms can wield two-handed weapons with a shield.


Message History

The water moccasin bites you.
You are more poisoned.
The water moccasin poisons you! The water moccasin bites you.
You are more poisoned.
The water moccasin poisons you!
You feel extremely sick.
You feel extremely sick.
The water moccasin attacks as it pursues you!
The water moccasin completely misses you.
You feel very sick.
The water moccasin attacks as it pursues you!
The water moccasin bites you. The jelly attacks as it pursues you!
The jelly hits you. The acid corrodes you!
You are splashed with acid!
The water moccasin bites you.
You feel very sick.
The water moccasin looks more healthy.
Okay, then.
Aiming: Corrosive Bolt
Press: ? - help, Shift-Dir - straight line, f/p - water moccasin
Aim: a water moccasin (heavily wounded, 53% to hit)
The bolt of acid hits the water moccasin!
The acid corrodes the water moccasin!
The water moccasin is almost dead.
You feel very sick. The water moccasin bites you.
* * * LOW HITPOINT WARNING * * *
You are lethally poisoned!
The water moccasin poisons you!
It was a potion of attraction.
You feel attractive to monsters.
* * * LOW HITPOINT WARNING * * *
You feel very sick. The water moccasin misses you.
The water moccasin bites you!
* * * LOW HITPOINT WARNING * * *
You are more poisoned.
The water moccasin poisons you!
It was a potion of haste.
Your stasis prevents you from being hasted.
f - 2 potions of haste;
p - a potion of attraction You die...

#.......# #.#.#.# ##
#.......####.#.#.# .#
#...)......#.#.#.######## .#
#........#.#.#......[...# .#
#........#..............#
.###............##.........#.
.........................)...
####...........###...........
#............@SJ..........
#...........###...........
#...........# #####.....#.
#...........# .....#
#........... .....# #........
....... . ####.#.


You could see a water moccasin (corroded) and a jelly.

Vanquished Creatures
  Pikel (D:6)
  An orc warrior (D:6)
  A black bear (D:5)
  An ice beast (D:6)
  An ogre (D:6)
  A lemure (D:6)
  A kobold brigand (D:6)
  Blork the orc (D:6)
  A gnoll sergeant (D:5)
  A scorpion (D:5)
  6 killer bees (D:5)
  A howler monkey (D:4)
  An orc priest (D:3)
  A bombardier beetle (D:5)
  A hound (D:4)
  A sleepcap (D:5)
  Jessica (D:3)
  2 iguanas (D:4)
  An orc wizard (D:6)
  A mummy (D:4)
  3 gnolls (D:5)
  5 adders
  3 dart slugs
  10 orcs
  An endoplasm (D:2)
  8 giant cockroaches
  6 hobgoblins
  8 jackals
  10 kobolds
  7 quokkas
  7 ball pythons
  7 bats
  A frilled lizard (D:2)
  6 goblins
  3 hobgoblin zombies (D:4)
  A kobold zombie (D:4)
  3 rats
115 creatures vanquished.

Notes
Turn   | Place    | Note
-------+----------+-------------------------------------------
     0 | D:1      | Aviak the Formicid Alchemist began the quest for the Orb.
     0 | D:1      | Reached XP level 1. HP: 13/13 MP: 3/3
    89 | D:1      | Reached skill level 1 in Conjurations
   107 | D:1      | Reached XP level 2. HP: 8/19 MP: 0/5
   418 | D:1      | Reached XP level 3. HP: 22/24 MP: 0/6
   421 | D:1      | Learned a level 2 spell: Mercury Vapours
   425 | D:1      | Learned a level 3 spell: Mephitic Cloud
  1023 | D:2      | Found Tiurut's Distillery.
  1434 | D:2      | Found a shadowy altar of Dithmenos.
  1568 | D:2      | Reached XP level 4. HP: 20/30 MP: 4/8
  2087 | D:3      | Found a white marble altar of Elyvilon.
  2089 | D:3      | Found an iron altar of Okawaru.
  2252 | D:3      | Noticed Jessica
  2257 | D:3      | Killed Jessica
  2258 | D:3      | Reached skill level 5 in Alchemy
  2362 | D:3      | Reached XP level 5. HP: 33/35 MP: 3/10
  3142 | D:4      | Reached skill level 6 in Alchemy
  3142 | D:4      | Reached XP level 6. HP: 38/42 MP: 9/12
  3147 | D:4      | Learned a level 4 spell: Olgreb's Toxic Radiance
  3422 | D:4      | Reached skill level 1 in Fighting
  3500 | D:4      | Found a stormy altar of Qazlal.
  3501 | D:4      | Found a hide-covered altar of Uskayaw.
  3502 | D:4      | Found a sacrificial altar of Ru.
  3502 | D:4      | Found a hazy altar of Hepliaklqana.
  4029 | D:5      | Entered Level 5 of the Dungeon
  4085 | D:5      | Found Raizie's Armour Boutique.
  4178 | D:5      | Reached XP level 7. HP: 38/50 MP: 8/14
  4183 | D:5      | Reached skill level 5 in Spellcasting
  4183 | D:5      | Reached skill level 7 in Alchemy
  4355 | D:5      | Found a staircase to the Ecumenical Temple.
  4521 | Temple   | Entered the Ecumenical Temple
  4544 | Temple   | Became a worshipper of Zin the Law-Giver
  4544 | Temple   | Reached * piety under Zin
  4731 | D:5      | Reached XP level 8. HP: 50/60 MP: 6/15
  5054 | D:6      | Noticed Pikel
  5055 | D:6      | Reached skill level 5 in Fighting
  5055 | D:6      | Reached skill level 8 in Alchemy
  5057 | D:6      | HP: 3/62 [ice beast (6)]
  5065 | D:6      | Killed Pikel
  5066 | D:6      | Reached XP level 9. HP: 5/71 MP: 3/16
  5245 | D:6      | Noticed Blork the orc
  5266 | D:6      | Killed Blork the orc
  5452 | D:6      | Reached skill level 1 in Axes
  5452 | D:6      | Reached skill level 9 in Alchemy
  5457 | D:6      | Learned a level 4 spell: Sticky Flame
  5633 | D:6      | HP: 2/72 [water moccasin (10)]
  5634 | D:6      | Succumbed to a water moccasin's poison

Illustrated notes

Levels and vault maps discovered:
D:1:      dpeg_arrival_chambers_temple_mockup, layout_basic
D:2:      minmay_skewed_foursquare, layout_basic, basic_altar, serial_shops,
          nicolae_diamond_shop, minmay_randomly_rotated_circles
D:3:      layout_basic, grunt_temple_overflow_open, nicolae_figureground_pulse,
          uniq_jessica
D:4:      layout_loops_ring, chequers_temple_overflow_statue_of_worship,
          minmay_mini_ossuary
D:5:      layout_gridville, minmay_temple_entry_fiery, serial_shops,
          nicolae_stop_n_shop_1
D:6:      layout_basic, uniq_pikel, uniq_blork_the_orc, uniq_edmund
Temple:   nicolae_temple_superstar

Skill      XL: |  1  2  3  4  5  6  7  8  9 |
---------------+----------------------------+-----
Conjurations   | 1 2 |  2.0
Dodging        | 2 3 4 |  4.2
Spellcasting   | 3 4 5 |  5.1
Alchemy        | 5 6 7 8 9 |  9.0
Fighting       | 2 3 6 7 |  7.0
Axes           | 1 |  1.0
Stealth        | |  2.4

Action                     |  1- 3 |  4- 6 |  7- 9 || total
---------------------------+-------+-------+-------++-------
  Melee: Unarmed           |    47 |       |       ||    47
         Short sword       |     3 |    53 |    25 ||    81
         Punch             |       |     1 |     2 ||     3
         War axe           |       |       |     9 ||     9
   Cast: Sting             |    51 |    86 |    29 ||   166
         Mercury Vapours   |     1 |     6 |     9 ||    16
         Olgreb's Toxic Ra |       |     1 |     8 ||     9
 Invoke: Recite            |       |       |     2 ||     2
  Evoke: Wand              |       |       |     8 ||     8
    Use: Potion            |       |     1 |     5 ||     6
   Stab: Sleeping          |       |     1 |     1 ||     2
 Armour: Robe              |    48 |    41 |    38 ||   127
  Dodge: Dodged            |    63 |    56 |    32 ||   151
